Match 47416165
Unlisted

Match 47416165
End
Construct Barracks
Engineer Squad
Selects Advanced Infantry Battlegroup
1⁄4-ton 4x4 Truck
Riflemen Squad
Riflemen Squad
Infantry Support Center
Selects Convert to Ranger Squad
Construct Motor Pool
Selects Designate Assault Position
M1 Anti-tank Gun Team
M1 Anti-tank Gun Team
Construct Tank Depot
Convert to Ranger Squad
Selects Infantry Assault
Infantry Assault
M4A1 Sherman Medium Tank
Infantry Assault
Convert to Ranger Squad
M18 Hellcat Tank Destroyer
Selects Ammunition Storage
Selects M2A1 105mm Howitzer Emplacement
Selects Free Fire Drills
Infantry Assault
M18 Hellcat Tank Destroyer
Infantry Assault
Engineer Squad
M18 Hellcat Tank Destroyer
Infantry Assault
Engineer Squad
Infantry Assault
M18 Hellcat Tank Destroyer
M18 Hellcat Tank Destroyer
Infantry Assault
M18 Hellcat Tank Destroyer
M18 Hellcat Tank Destroyer
Infantry Assault
M18 Hellcat Tank Destroyer
云缨飞酱
乱杀大王
Dunkerque
NEP_wilson_NEP
0
0

Comments sign in to comment!

No comments posted yet!